 Dungeon Crawl Stone Soup version 0.28-a0-1344-g6b9ff3a05d (webtiles) character file.

Game seed: 1301181301360505778

7 DoubleLucky the Caller (level 2, 0/15 HPs)
             Began as a Tengu Summoner on Dec 29, 2021.
             Slain by a jackal (1 damage)
             ... on level 1 of the Dungeon.
             The game lasted 00:00:55 (859 turns).

DoubleLucky the Caller (Tengu Summoner)              Turns: 859, Time: 00:00:55

Health: 0/15       AC:  2    Str:  8    XL:     2   Next: 0%
Magic:  4/6        EV: 12    Int: 15    God:
Gold:   27         SH:  0    Dex: 14    Spells: 4/5 levels left

rFire   . . .      SeeInvis .   c - +0 dagger
rCold   . . .      Faith    .   (no shield)
rNeg    . . .      Spirit   .   a - +0 robe
rPois   .          Reflect  .   (helmet restricted)
rElec   .          Harm     .   (no cloak)
rCorr   .          Rampage  .   (no gloves)
Will    .....                   (boots unavailable)
Stlth   ++........              (no amulet)
HPRegen 0.05/turn               (no ring)
MPRegen 0.10/turn               (no ring)

@: no status effects
A: beak, talons 3
a: no special abilities


You were on level 1 of the Dungeon.
You visited 1 branch of the dungeon, and saw 1 of its levels.

You collected 27 gold pieces.

Inventory:

Hand Weapons
 c - a +0 dagger (weapon)
Armour
 a - a +0 robe (worn)
Scrolls
 d - 2 scrolls of teleportation {unknown}
 e - 2 scrolls of identify {unknown}
 f - a scroll of summoning {unknown}
Potions
 b - a potion of resistance {unknown}


   Skills:
 + Level 2.4 Dodging
 + Level 2.1 Stealth
 + Level 2.1 Spellcasting
 + Level 4.9 Summonings


You had 4 spell levels left.
You knew the following spells:

 Your Spells              Type           Power      Damage    Failure   Level
a - Summon Small Mammal   Summ           64%        N/A       2%          1

Your spell library contained the following spells:

 Spells                   Type           Power      Damage    Failure   Level
 Call Imp                 Summ           16%        N/A       4%          2
 Call Canine Familiar     Summ           16%        N/A       9%          3
 Summon Guardian Golem    Hex/Summ       9%         N/A       24%         3
 Summon Lightning Spire   Summ/Air       9%         N/A       61%         4


Dungeon Overview and Level Annotations

Branches:
Dungeon (1/15)

Altars:


Innate Abilities, Weirdness & Mutations

You have a beak for a mouth.
You have claws for feet.


Message History

Your quokka disappears in a puff of smoke!
f - a scroll labelled VAUNAEWEUC
There is an open door here.
You open the door.
You open the door. 2 jackals come into view.
A frilled lizard and a jackal come into view.
Found 8 gold pieces.
The frilled lizard hisses angrily.
The jackal barks! x2
There is an open door here.
The jackal bites you.
Casting: Summon Small Mammal (safe; 2% risk of failure)
Confirm with . or Enter, or press ? or * to list all spells.
The jackal bites you.
Casting: Summon Small Mammal (safe; 2% risk of failure)
Confirm with . or Enter, or press ? or * to list all spells.
The jackal bites you but does no damage.
The frilled lizard bites you.
The jackal bites you but does no damage.
Your rat barely misses the jackal.
Your quokka closely misses the jackal.
The jackal closely misses you. The jackal barely misses you.
You closely miss the jackal. Your kick misses the jackal.
Your quokka barely misses the jackal.
The jackal closely misses you.
Your rat bites the jackal but does no damage.
You hit the jackal. You claw the jackal, but do no damage.
The jackal is severely wounded.
The jackal bites you.
* * * LOW HITPOINT WARNING * * *
The jackal bites you.
* * * LOW HITPOINT WARNING * * *
Your quokka misses the frilled lizard. The jackal bites you.
* * * LOW HITPOINT WARNING * * *
The jackal closely misses you.
Your rat bites the jackal but does no damage.
The jackal closely misses you. x2
You hit the jackal.
The jackal is almost dead.
The jackal misses you. The jackal bites you.
You die...

#### ...###.# ...# #.....#
##.#### #.....# ......#
#.....####### ...##.#
#.....'.....#....≈≈≈≈≈ ...##.#
#.....#####.#.....≈≈≈≈ ...##.#
#..rrl# #.###.....≈≈ ...##.#.#
#...hh# #.#........≈ +#.#..#.#
#...h@# ##.#.#....... ...#.##.#
##########..#.#..≈.... .###.##.#
#............≈≈≈... .#.#.##.#
####........#.#.≈≈.... .#.#.##.#
....)...............##
.#.#.##.#######..........#######
...........##########....#
...#.##.............'....#
.#.........##########....#


You could see 3 jackals, a frilled lizard, a friendly quokka (summoned) and a
friendly rat (summoned).

Vanquished Creatures
  A goblin (D:1)
1 creature vanquished.

Vanquished Creatures (collateral kills)
  2 endoplasms (D:1)
  A goblin (D:1)
  A quokka (D:1)
  A rat (D:1)
5 creatures vanquished.

Grand Total: 6 creatures vanquished

Notes
Turn   | Place    | Note
-------+----------+-------------------------------------------
     0 | D:1      | DoubleLucky the Tengu Summoner began the quest for the Orb.
     0 | D:1      | Reached XP level 1. HP: 10/10 MP: 4/4
   683 | D:1      | Reached XP level 2. HP: 15/15 MP: 3/6
   859 | D:1      | Slain by a jackal

Illustrated notes

Levels and vault maps discovered:
D:1:      onia_arrival_mini_spirals, layout_basic, lemuel_old_faithful

Action                   || total
-------------------------++-------
Melee: Dagger            ||     4
       Peck              ||     1
       Kick              ||     1
 Cast: Summon Small Mamm ||    14
Armor: Robe              ||     2
Dodge: Dodged            ||     9

Table legend: (Time is in decaauts)
 A = Elapsed time spent in this place.
 B = Non-inter-level travel time spent in this place.
 C = Inter-level travel time spent in this place.
 D = Time resting spent in this place.
 E = Time spent auto-exploring this place.
 F = Levels seen in this place.
 G = Mean time per level.
                   A        B        C        D        E       F      G
               +--------+--------+--------+--------+--------+-----+--------+
         Total |    859 |    859 |      0 |      0 |    784 |   1 |  859.0 |
       Dungeon |    859 |    859 |      0 |      0 |    784 |   1 |  859.0 |
               +--------+--------+--------+--------+--------+-----+--------+

Top non-repeatable levels by time:
     D:1: 859 daAuts
